Map: Purity and Industry LE

Players

Oresama

  • Race: Zerg Zerg
  • League: Master
  • Spawn Location: 12:00

LiquidMaNa (MaNa) - Winner!

  • Race: Protoss Protoss
  • League: Master
  • Spawn Location: 3:00

VOD

Have the link to the VOD?

Description

Time

  • Played on: April 27, 2020, 4:21 p.m.
  • Length: 5:04
Show
View Real Time Build Order
Export as new Build Order

Oresama Zerg 

Build Orders: Hatch First 

Get SALT Encoding   

  12  0:00  Drone  
  13  0:11  Overlord  
  13  0:16  Drone  
  14  0:30  Drone x2  
  14  0:34  Drone  
  17  0:56  Extractor  
  16  0:58  Hatchery  
  16  1:02  Drone x2  
  17  1:19  Spawning Pool  
  17  1:21  Drone  
  17  1:23  Drone  
  18  1:27  Drone  
  20  1:40  Drone  
  20  1:57  Drone  
  21  2:08  Roach Warren  
  21  2:09  Metabolic Boost, Queen  
  21  2:10  Zergling x2  
  21  2:13  Overlord  
  23  2:19  Overlord  
  23  2:48  Roach x3  
  23  2:49  Roach x2  
  33  2:53  Zergling x2  
  34  3:08  Zergling x4  
  35  3:14  Zergling x4  
  37  3:21  Ravager  
  37  3:23  Zergling x4  
  37  3:24  Zergling x4  
  42  3:44  Ravager  
  42  3:45  Zergling x2  
  42  3:47  Overlord  
  38  4:04  Zergling x8  
  38  4:05  Zergling x8  
  34  4:18  Drone x2  
  35  4:26  Drone  
  35  4:27  Drone  
  36  4:35  Drone  
  34  4:46  Drone x2  
  34  4:50  Drone  
  35  4:54  Extractor  
Show
View Real Time Build Order
Export as new Build Order

LiquidMaNa Protoss - Winner!

Build Orders: 1 Gate Expand 

Get SALT Encoding   

  12  0:00  Probe  
  13  0:14  Pylon  
  13  0:17  Probe (Chrono Boost)  
  14  0:26  Probe (Chrono Boost)  
  15  0:31  Probe (Chrono Boost)  
  16  0:42  Gateway  
  16  0:43  Probe  
  17  0:51  Assimilator  
  17  0:55  Probe  
  18  1:07  Probe  
  19  1:19  Probe  
  20  1:32  Cybernetics Core  
  20  1:36  Nexus  
  20  1:39  Probe  
  21  1:46  Pylon  
  21  1:51  Assimilator  
  21  1:55  Probe  
  22  2:06  Adept (Chrono Boost)  
  22  2:07  Probe  
  23  2:10  Warp Gate  
  25  2:19  Probe  
  26  2:31  Stargate  
  26  2:33  Probe  
  28  2:38  Stalker (Chrono Boost)  
  28  2:45  Probe  
  28  2:50  Gateway  
  29  3:08  Shield Battery  
  29  3:10  Zealot  
  31  3:17  Void Ray (Chrono Boost)  
  33  3:26  Pylon  
  33  3:28  Shield Battery  
  33  3:33  Shield Battery  
  33  3:45  Pylon  
  33  3:46  Pylon  
  33  3:58  Zealot x2  
  35  4:07  Void Ray (Chrono Boost)  
  37  4:14  Pylon  
  33  4:19  Zealot  
  29  4:31  Probe  
  29  4:37  Zealot  
  32  4:41  Sentry  
  34  4:47  Pylon  
Tags
 
Add a new tag
Caveats
  • Supply blocks, unpowered buildings, or Contaminate may cause inaccurate times.
  • Supply counts are checked every 10 seconds.